Map: Para Site LE

Players

Smileblind - Winner!

  • Race: Protoss Protoss
  • League: Silver
  • Spawn Location: 5:00

VOD

Have the link to the VOD?

Description

Time

  • Played on: Jan. 20, 2019, 1:15 p.m.
  • Length: 3:43
Show
View Real Time Build Order
Export as new Build Order

Smileblind Protoss - Winner!

Build Orders:  

Get SALT Encoding   

  12  0:16  Pylon  
  12  0:21  Probe (Chrono Boost)  
  13  0:33  Probe (Chrono Boost)  
  14  0:44  Probe (Chrono Boost)  
  15  0:59  Forge  
  16  1:00  Probe (Chrono Boost)  
  16  1:17  Probe (Chrono Boost)  
  17  1:23  Pylon  
  17  1:37  Pylon  
  17  1:51  Photon Cannon  
  17  2:05  Photon Cannon  
  17  2:16  Photon Cannon  
  17  2:38  Pylon  
  17  3:07  Photon Cannon  
  17  3:16  Pylon  
  17  3:24  Photon Cannon  
Tags
 
League
Silver
Matchup
Co-op
Add a new tag
Caveats
  • Supply blocks, unpowered buildings, or Contaminate may cause inaccurate times.
  • Supply counts are checked every 10 seconds.